Map: Sequencer LE

Players

Snute - Winner!

  • Race: Zerg Zerg
  • Spawn Location: 7:00

Arctur

  • Race: Terran Terran
  • Spawn Location: 1:00

Event: WCS Valencia 2017

VOD

Have the link to the VOD?

Description

Time

  • Played on: July 13, 2017, 6:58 a.m.
  • Length: 15:22

All games in this series

Show
View Real Time Build Order
Export as new Build Order

Snute Zerg - Winner!

Build Orders: Pool First, Muta Ling Bane 

Get SALT Encoding   

  12  0:00  Drone  
  13  0:12  Overlord  
  13  0:17  Drone  
  14  0:30  Drone x2  
  14  0:34  Drone  
  17  0:45  Spawning Pool  
  17  0:48  Drone  
  17  1:08  Hatchery  
  17  1:11  Drone  
  17  1:14  Drone  
  17  1:16  Extractor  
  17  1:19  Drone  
  18  1:31  Queen  
  20  1:33  Zergling x2  
  20  1:39  Overlord  
  21  1:49  Drone  
  22  2:00  Drone  
  23  2:07  Queen  
  25  2:12  Drone  
  26  2:18  Metabolic Boost  
  26  2:20  Queen  
  26  2:21  Drone  
  29  2:23  Drone  
  30  2:31  Drone  
  31  2:37  Drone  
  31  2:45  Queen  
  31  2:50  Overlord  
  33  2:56  Queen  
  33  2:58  Spore Crawler  
  33  3:11  Hatchery, Zergling x2  
  33  3:12  Zergling x2  
  34  3:18  Zergling x4  
  36  3:21  Zergling x2  
  37  3:27  Zergling x2  
  37  3:28  Zergling x2  
  39  3:40  Zergling x10  
  44  3:45  Overlord  
  42  4:02  Drone, Overlord  
  43  4:03  Drone  
  43  4:05  Drone x3  
  43  4:06  Drone  
  43  4:09  Drone  
  49  4:12  Drone  
  49  4:15  Drone  
  51  4:20  Drone  
  52  4:26  Drone x2  
  52  4:27  Drone  
  52  4:30  Drone  
  56  4:32  Drone  
  56  4:36  Drone  
  56  4:37  Drone  
  58  4:45  Drone x2  
  60  4:49  Drone  
  61  4:53  Drone  
  61  4:55  Drone  
  61  4:59  Drone  
  64  5:00  Evolution Chamber x2  
  64  5:03  Drone  
  64  5:05  Drone  
  64  5:06  Drone  
  65  5:08  Overlord x2  
  65  5:12  Overlord  
  65  5:15  Overlord  
  65  5:26  Zerg Ground Armor Level 1, Zerg Melee Weapons Level 1  
  65  5:27  Drone  
  65  5:28  Drone x6  
  72  5:31  Drone  
  73  5:35  Queen  
  73  5:36  Queen  
  73  5:39  Drone x2  
  73  5:40  Drone  
  80  5:47  Drone  
  80  5:48  Drone x6  
  87  5:50  Drone  
  87  5:51  Drone  
  88  5:57  Extractor  
  88  5:58  Zergling x2  
  88  5:59  Zergling x4  
  88  6:00  Baneling Nest  
  89  6:05  Hatchery  
  89  6:08  Extractor  
  89  6:09  Zergling x6  
  89  6:10  Extractor  
  89  6:16  Queen  
  89  6:17  Queen  
  93  6:19  Lair  
  93  6:20  Overlord  
  93  6:21  Drone  
  93  6:22  Drone x2  
  93  6:23  Drone  
  97  6:26  Overlord  
  97  6:29  Extractor  
  96  6:37  Hatchery  
  96  6:39  Drone x6  
  100  6:40  Drone  
  100  6:44  Extractor, Overlord  
  100  6:45  Overlord  
  100  6:47  Drone  
  100  6:49  Drone x2  
  103  6:57  Pneumatized Carapace  
  103  7:02  Zergling x6  
  103  7:03  Zergling x2  
  103  7:04  Zergling x6  
  103  7:07  Baneling  
  103  7:08  Baneling x9  
  110  7:18  Centrifical Hooks  
  110  7:21  Zergling x12  
  110  7:22  Zergling x8  
  116  7:27  Zergling x2  
  116  7:28  Zerg Ground Armor Level 2, Zergling x6  
  120  7:36  Zergling x6  
  123  7:49  Zergling x2  
  123  7:50  Zergling x18  
  128  7:59  Overseer  
  128  8:00  Zerg Melee Weapons Level 2  
  128  8:02  Spire, Zergling x10  
  132  8:10  Baneling x7  
  132  8:13  Zergling x2  
  132  8:14  Zergling x2  
  132  8:18  Overlord x2  
  133  8:27  Zergling x2  
  133  8:28  Overlord x2  
  133  8:30  Baneling  
  133  8:31  Baneling x13  
  133  8:32  Hatchery  
  133  8:33  Overlord x2  
  133  8:40  Zergling x6  
  133  8:41  Zergling x18  
  144  8:42  Baneling x2  
  144  8:43  Baneling  
  144  8:49  Zergling x12  
  133  9:07  Zergling x6  
  133  9:08  Zergling x22  
  134  9:21  Zergling x4  
  134  9:22  Zergling x10  
  137  9:25  Zerg Flyer Weapons Level 1  
  137  9:26  Mutalisk x4  
  141  9:36  Mutalisk x5  
  146  9:51  Zergling x16  
  150  9:56  Mutalisk x3  
  150  9:58  Overseer  
  150  9:59  Zergling x6  
  157  10:06  Zergling x2  
  158  10:07  Zergling x10  
  158  10:10  Overseer  
  158  10:11  Baneling x2  
  158  10:12  Baneling x5  
  161  10:19  Zergling x18  
  170  10:25  Mutalisk x2  
  165  10:39  Zergling x34  
  175  10:44  Infestation Pit  
  175  10:47  Zergling x2  
  175  10:48  Zergling x14  
  181  10:55  Zergling x2  
  181  10:56  Zergling x12  
  180  10:57  Baneling  
  180  10:58  Baneling x7  
  162  11:12  Zergling x20  
  162  11:13  Zergling x6  
  174  11:23  Hive  
  174  11:28  Zergling x6  
  174  11:29  Mutalisk  
  174  11:30  Mutalisk x3  
  174  11:31  Baneling  
  174  11:32  Baneling  
  180  11:49  Mutalisk x3  
  167  12:03  Burrow  
  167  12:08  Mutalisk x4  
  172  12:22  Hatchery  
  157  12:37  Zergling x2  
  157  12:38  Zergling x38  
  157  12:40  Zerg Ground Armor Level 3, Ultralisk Cavern  
  171  12:59  Zergling x2  
  171  13:00  Extractor, Zergling x16  
  179  13:10  Overlord x3  
  179  13:20  Adrenal Glands  
  179  13:31  Chitinous Plating  
  179  13:34  Ultralisk  
  170  13:38  Zergling x2  
  170  13:39  Zergling x22  
  170  13:40  Ultralisk  
  188  13:47  Zergling x14  
  188  13:48  Zergling x20  
  192  13:59  Ultralisk  
  198  14:05  Zergling x2  
  198  14:06  Zergling x2  
  198  14:54  Baneling x12  
  198  14:55  Baneling x25  
  198  14:58  Zergling x2  
  198  14:59  Zergling x2  
Show
View Real Time Build Order
Export as new Build Order

Arctur Terran 

Build Orders: Bio Mine 

Get SALT Encoding   

  12  0:00  SCV  
  13  0:12  SCV  
  14  0:17  Supply Depot  
  14  0:24  SCV  
  15  0:39  SCV, Barracks  
  16  0:45  Refinery  
  16  0:51  SCV  
  17  1:01  Barracks  
  17  1:05  SCV  
  18  1:17  SCV  
  19  1:23  Barracks  
  19  1:29  Reaper  
  20  1:39  Orbital Command  
  20  1:46  Refinery  
  20  1:50  Reaper  
  21  1:58  Supply Depot  
  21  2:05  SCV  
  21  2:06  Reaper  
  23  2:20  SCV, Reaper  
  25  2:23  Supply Depot  
  25  2:28  Reaper  
  26  2:33  SCV  
  27  2:39  Reaper  
  28  2:46  SCV  
  29  2:52  Reaper  
  30  3:01  Command Center  
  30  3:04  Reaper  
  31  3:06  SCV  
  32  3:14  Supply Depot  
  32  3:19  Reaper  
  33  3:22  SCV  
  33  3:24  Reaper  
  36  3:34  SCV  
  35  3:43  Reaper  
  35  3:47  SCV  
  36  3:56  Command Center  
  36  3:59  SCV  
  39  4:11  SCV  
  39  4:14  Orbital Command  
  41  4:18  Barracks Reactor, Barracks Tech Lab  
  41  4:20  Barracks Reactor  
  37  4:24  Factory  
  37  4:25  SCV  
  38  4:37  SCV  
  39  4:38  Stimpack  
  39  4:41  SCV  
  40  4:46  Marine  
  40  4:49  SCV  
  42  4:53  SCV, Engineering Bay  
  42  4:55  Engineering Bay  
  42  4:56  Refinery  
  42  4:58  Refinery  
  43  5:01  SCV  
  43  5:05  SCV, Marine  
  43  5:06  Marine x2  
  43  5:07  Marine  
  48  5:10  Orbital Command  
  48  5:13  SCV  
  50  5:18  Starport  
  50  5:23  Factory Reactor  
  50  5:25  Marine x2  
  50  5:26  Marine  
  52  5:29  Marine  
  52  5:30  Marine  
  52  5:32  SCV  
  52  5:34  SCV  
  56  5:36  SCV  
  57  5:43  Marine  
  56  5:50  Terran Infantry Armor Level 1, SCV x2, Terran Infantry Weapons Level 1  
  56  5:53  Marine x3  
  56  5:54  Marine  
  62  6:01  Barracks  
  62  6:03  SCV  
  62  6:04  SCV  
  64  6:06  Medivac  
  64  6:07  Factory Reactor  
  64  6:08  Medivac  
  68  6:14  Orbital Command  
  68  6:16  SCV x2  
  70  6:18  Marine x3  
  70  6:19  Barracks  
  70  6:20  Marine  
  70  6:25  Supply Depot  
  74  6:28  Marine  
  75  6:33  SCV x2  
  75  6:39  Combat Shields  
  77  6:40  Supply Depot  
  77  6:45  Supply Depot  
  77  6:46  Marine, Supply Depot  
  78  6:48  Marine x3  
  78  6:49  Supply Depot  
  78  6:51  Barracks Reactor  
  78  6:53  Widow Mine x2  
  85  6:56  SCV  
  85  6:57  SCV  
  85  6:59  SCV  
  88  7:09  Barracks Reactor, Factory  
  88  7:12  SCV, Armory  
  88  7:14  SCV  
  88  7:15  SCV  
  91  7:25  Marine x3  
  91  7:27  Medivac x2  
  98  7:33  Marine x2  
  98  7:34  Marine  
  98  7:35  Widow Mine x2  
  105  7:41  SCV  
  105  7:42  SCV x2  
  107  7:54  SCV x3  
  107  7:56  Factory Tech Lab, Refinery  
  107  7:57  Marine  
  107  7:58  Marine x4, Supply Depot  
  108  8:00  Supply Depot  
  108  8:05  Bunker  
  108  8:06  SCV x2  
  108  8:07  SCV  
  111  8:18  Terran Infantry Armor Level 2, Terran Infantry Weapons Level 2  
  111  8:19  Widow Mine x2  
  109  8:21  Widow Mine  
  109  8:22  Drilling Claws  
  113  8:27  Marine x8  
  113  8:29  SCV  
  122  8:34  Marine  
  123  8:44  Terran Vehicle And Ship Armor Level 1  
  123  8:45  Marine x3  
  123  9:00  Marine x6, Widow Mine x2  
  123  9:01  Thor  
  123  9:02  Marine  
  126  9:03  Marine x2  
  123  9:10  Supply Depot  
  123  9:12  Supply Depot  
  123  9:13  Supply Depot  
  118  9:22  Marine  
  118  9:23  Marine x4  
  109  9:25  Marine x4  
  109  9:29  Widow Mine x2  
  117  9:34  Orbital Command  
  101  9:40  Marine  
  101  9:41  Marine x4  
  101  9:43  Marine x3, Widow Mine  
  93  9:53  Marine  
  93  9:57  Widow Mine  
  93  9:58  Marine, Widow Mine  
  93  9:59  Marine x4  
  103  10:01  Marine x2, Supply Depot  
  103  10:02  Supply Depot  
  103  10:03  SCV x3  
  108  10:12  Widow Mine  
  110  10:15  SCV  
  110  10:18  Marine  
  110  10:19  Marauder, Marine x6  
  120  10:21  Supply Depot  
  120  10:22  Supply Depot  
  120  10:23  Marine  
  120  10:26  Widow Mine  
  123  10:28  SCV x2  
  123  10:29  SCV  
  124  10:36  Marine x3  
  124  10:37  Marine  
  124  10:39  Marine x3  
  124  10:41  Marine  
  124  10:42  Marine  
  131  10:43  Thor  
  137  10:54  Marine x4  
  137  10:57  Marine x3  
  135  10:59  Marine x2  
  124  11:14  Widow Mine x2  
  124  11:15  Command Center  
  130  11:26  Thor  
  130  11:30  Terran Infantry Weapons Level 3, Terran Infantry Armor Level 3  
  128  11:45  SCV x2  
  128  11:46  SCV  
  130  11:52  Widow Mine x2  
  132  12:03  Marine x7  
  132  12:04  Orbital Command  
  138  12:11  Marine x2  
  138  12:15  SCV  
  141  12:21  Marine x5  
  142  12:23  SCV  
  142  12:27  SCV  
  142  12:35  SCV  
  142  12:36  Marine  
  140  12:38  Medivac x2  
  140  12:42  Marine x3  
  141  12:54  Thor, Widow Mine  
  148  13:00  Widow Mine  
  148  13:02  Marine  
  148  13:03  Marauder, Marine x7  
  156  13:16  SCV x2  
  150  13:20  Marine  
  149  13:27  Medivac x2  
  132  13:57  Medivac x2  
  132  13:59  SCV  
  135  14:07  Widow Mine x2  
  135  14:08  Thor  
  145  14:12  Marine x5  
  145  14:13  Unknown x6  
  150  14:42  Marine  
Tags
 
Add a new tag
Caveats
  • Supply blocks, unpowered buildings, or Contaminate may cause inaccurate times.
  • Supply counts are checked every 10 seconds.